 Dungeon Crawl Stone Soup version 0.25.1-8-g42b30a86e7 (webtiles) character file.

Game seed: 14784681518206875078

1597 Clowwww the Chopper (level 8, -5/61 HPs)
             Began as a Demonspawn Fighter on Dec 23, 2020.
             Was a Believer of Okawaru.
             Slain by Harold
             ... wielding a +0 hand axe
              (9 damage)
             ... on level 7 of the Dungeon.
             The game lasted 00:14:12 (6554 turns).

Clowwww the Chopper (Demonspawn Fighter)            Turns: 6554, Time: 00:14:13

Health: -5/61      AC: 13    Str: 25    XL:     8   Next: 62%
Magic:  8/8        EV:  9    Int:  9    God:    Okawaru [**....]
Gold:   253        SH: 10    Dex: 13    Spells: 7/7 levels left

rFire    . . .     SeeInvis +   a - +1 war axe
rCold    . . .     Gourm    .   c - +0 kite shield
rNeg     . . .     Faith    .   b - +2 scale mail
rPois    .         Spirit   .   (helmet restricted)
rElec    .         Reflect  .   (no cloak)
rCorr    .         Harm     .   r - +0 pair of gloves
MR       .....                  (no boots)
Stlth    ..........             p - amulet of magic regeneration
HPRegen  0.20/turn              u - ring of see invisible
MPRegen  0.36/turn              q - +6 ring of strength

@: marked
A: horns 1, yellow scales 2, powered by death 1
a: Heroism, Renounce Religion


You were on level 7 of the Dungeon.
You worshipped Okawaru.
Okawaru was pleased with you.
You were hungry.

You visited 1 branch of the dungeon, and saw 7 of its levels.
You also visited: Sewer.

You collected 253 gold pieces.

Inventory:

Hand Weapons
 a - a +1 war axe (weapon)
Missiles
 d - 8 boomerangs of dispersal
 k - 13 boomerangs (quivered)
Armour
 b - a +2 scale mail (worn)
 c - a +0 kite shield (worn)
 r - a +0 pair of gloves (worn)
Jewellery
 e - an uncursed ring of flight
 p - an amulet of magic regeneration (around neck)
 q - a +6 ring of strength (right hand)
 u - a ring of see invisible (left hand)
 B - a cursed +6 ring of dexterity {unknown}
Wands
 g - a wand of random effects (15)
 i - a wand of clouds (5)
 m - a wand of enslavement (6)
Scrolls
 v - 2 scrolls of teleportation
 y - 2 scrolls of remove curse
Potions
 h - a potion of brilliance
 j - 2 potions of heal wounds
 l - 3 potions of lignification
 n - 2 potions of flight
 s - 3 potions of might
 t - 5 potions of curing
 w - a potion of haste
 x - a potion of magic
Comestibles
 f - 12 rations


   Skills:
 + Level 4.6 Fighting
 + Level 5.7 Axes
 + Level 3.1 Throwing
 + Level 4.8 Armour
 + Level 2.5 Dodging
 + Level 0.5 Stealth
 + Level 5.3 Shields


You had 7 spell levels left.
You didn't know any spells.
Your spell library contained the following spells:

 Spells                   Type           Power        Failure   Level  Hunger
 Animate Skeleton         Necr           N/A          97%         1    ##.....
 Apportation              Tloc           #.....       97%         1    ##.....
 Corona                   Hex            #......      97%         1    ##.....
 Summon Small Mammal      Summ           #...         97%         1    ##.....


Dungeon Overview and Level Annotations

Branches:
Dungeon (7/15)             Temple (0/1) D:6           Sewer (visited)

Altars:
Ashenzari
Cheibriados
Dithmenos
Kikubaaqudgha
Makhleb
Nemelex Xobeh
Okawaru
Qazlal
The Shining One

Shops:
D:5 =   D:6 *

Annotations:
D:7 Harold


Innate Abilities, Weirdness & Mutations

You have a pair of small horns on your head.
You are mostly covered in yellow scales. (AC +3)
You regenerate a little health from kills.


Message History

Harold is almost dead.
You block Harold's attack.
You slash Harold!
Harold is almost dead.
Harold hits you with a +0 hand axe!
Your shield and scale mail prevent you from hitting Harold.
Harold is almost dead.
Harold hits you with a +0 hand axe!
* * * LOW HITPOINT WARNING * * *
You hit Harold but do no damage.
Harold is almost dead.
Harold hits you with a +0 hand axe!
* * * LOW HITPOINT WARNING * * *
Evoke which item? (* to show all) (? for menu, Esc to quit)
Aiming: Cloud Cone
Press: ? - help, Dir - move target cursor, f - Harold
Aim: Harold, wielding a +0 hand axe, wearing a +0 scale mail and quivering a throwing net (almost dead)
You create a blast of noxious fumes!
Harold is engulfed in noxious fumes.
Harold hits you with a +0 hand axe!
You die... ###########§# #<....(@@§§§# #############

You could see Harold.

Vanquished Creatures
  Pikel (D:4)
  A wyvern (D:6)
  A phantom (D:5)
  Purgy (Sewer)
  A centaur (D:6)
  2 bullfrogs
  3 hounds
  A centaur zombie (D:6)
  4 orc priests
  2 orc wizards (D:3)
  2 worker ants
  Natasha (thrice) (D:4)
  A hound skeleton (D:6)
  4 gnolls (D:5)
  10 adders
  2 adder skeletons (D:5)
  6 worms
  A dart slug (D:5)
  2 leopard geckos
  11 orcs
  5 bats
  4 giant cockroaches
  7 hobgoblins
  9 jackals
  2 quokkas
  4 ball pythons (Sewer)
  6 frilled lizards
  4 goblins
  A jackal skeleton (D:6)
  8 kobolds
  A leopard gecko skeleton (D:4)
  2 quokka zombies (D:5)
  6 rats
118 creatures vanquished.

Vanquished Creatures (others)
  An ogre (D:4)
  2 orc priests (D:4)
  An adder (D:4)
  6 orcs (D:4)
10 creatures vanquished.

Grand Total: 128 creatures vanquished

Notes
Turn   | Place    | Note
-------+----------+-------------------------------------------
     0 | D:1      | Clowwww the Demonspawn Fighter began the quest for the Orb.
     0 | D:1      | Reached XP level 1. HP: 18/18 MP: 1/1
   201 | D:1      | Gained mutation: You have a pair of small horns on your
                  | head. [demonic ancestry]
   201 | D:1      | Reached XP level 2. HP: 24/24 MP: 2/2
   717 | D:2      | Gained mutation: You are partially covered in yellow
                  | scales. (AC +2) [demonic ancestry]
   717 | D:2      | Reached XP level 3. HP: 13/29 MP: 3/3
  1088 | D:2      | Found a snail-covered altar of Cheibriados.
  1088 | D:2      | Found an ancient bone altar of Kikubaaqudgha.
  1778 | D:3      | Gained mutation: You regenerate a little health from kills.
                  | [demonic ancestry]
  1778 | D:3      | Reached XP level 4. HP: 6/35 MP: 4/4
  1830 | D:3      | Found a sparkling altar of Nemelex Xobeh.
  2111 | D:3      | Reached XP level 5. HP: 32/41 MP: 5/5
  2168 | D:3      | Found a burning altar of Makhleb.
  2381 | D:3      | Found an iron altar of Okawaru.
  2386 | D:3      | Became a worshipper of Warmaster Okawaru
  2420 | D:3      | HP: 2/41 [orc priest/divine providence (11)]
  2443 | D:3      | Reached skill level 1 in Throwing
  2877 | D:3      | Reached XP level 6. HP: 19/48 MP: 6/6
  3602 | D:4      | Noticed a slave
  3602 | D:4      | Noticed a slave
  3602 | D:4      | Noticed a slave
  3603 | D:4      | Noticed Pikel
  3604 | D:4      | Noticed a slave
  3614 | D:4      | Killed Pikel
  3614 | D:4      | Reached * piety under Okawaru
  3614 | D:4      | Reached skill level 1 in Dodging
  3614 | D:4      | Gained mutation: You are mostly covered in yellow scales.
                  | (AC +3) [demonic ancestry]
  3614 | D:4      | Reached XP level 7. HP: 17/53 MP: 7/7
  3976 | D:4      | Noticed Natasha
  3982 | D:4      | Killed Natasha
  4031 | D:4      | Noticed Natasha
  4040 | D:4      | Killed Natasha
  4066 | D:4      | Reached ** piety under Okawaru
  4095 | D:4      | Noticed Natasha
  4104 | D:4      | Killed Natasha
  4272 | D:5      | Entered Level 5 of the Dungeon
  4272 | D:5      | Found Afoed's Jewellery Emporium.
  4507 | D:5      | Reached XP level 8. HP: 57/60 MP: 8/8
  5077 | D:5      | Found an iron altar of Okawaru.
  5093 | D:5      | Found a stormy altar of Qazlal.
  5344 | D:6      | Reached skill level 5 in Axes
  5344 | D:6      | Reached skill level 5 in Shields
  5361 | D:6      | Found Cull's Assorted Antiques.
  5379 | D:6      | Found a staircase to the Ecumenical Temple.
  5405 | D:6      | Found a shattered altar of Ashenzari.
  5425 | D:6      | Found a glowing golden altar of the Shining One.
  5492 | D:6      | Found a shadowy altar of Dithmenos.
  5730 | D:6      | Found a glowing drain.
  5742 | Sewer    | Entered a sewer
  5768 | Sewer    | Noticed Purgy
  5814 | Sewer    | Killed Purgy
  6534 | D:7      | Noticed Harold
  6554 | D:7      | Slain by Harold

Illustrated notes

Levels and vault maps discovered:
D:1:      roderic_crossed_star, layout_loops_ring
D:2:      layout_loops_ring, gammafunk_temple_overflow_elements,
          hangedman_decor_opposing, chequers_serial_rivers_micro_b
D:3:      layout_basic, makhleb_heckhound_becter,
          nemelex_xobeh_ov_fountains_minmay, marbit_many_paths,
          minmay_misc_feat_nine_boxes
D:4:      layout_cave_pools, uniq_natasha, uniq_pikel
D:5:      layout_basic, old_standard_altar, first_ration, serial_shops, shop,
          hangedman_decor_riveting, okawaru_trees_1
D:6:      layout_loops_ring, lemuel_coloured_pillars_altar,
          lemuel_crystal_altar, ashenzari_conservatory_becter,
          minmay_temple_entry_statues, cheibrodos_sewer_entry_bend,
          serial_shops, nicolae_shop_behind_doors, feat_on_display
D:7:      lemuel_ice_spiral_2, layout_basic, grunt_livestock,
          hangedman_decor_slide_cut, kennysheep_decorative_pillar, uniq_harold

Skill      XL: |  1  2  3  4  5  6  7  8 |
---------------+-------------------------+-----
Axes           | 2 3 4 5 |  5.7
Shields        | 3 4 5 |  5.3
Armour         | 3 4 |  4.8
Throwing       | 1 2 3 |  3.1
Dodging        | 1 2 |  2.5
Fighting       | 4 |  4.6
Stealth        | |  0.5

Action                   |  1- 3 |  4- 6 |  7- 9 || total
-------------------------+-------+-------+-------++-------
Melee: War axe           |   117 |    97 |   203 ||   417
       Headbutt          |    16 |    12 |    37 ||    65
Throw: Boomerang         |     7 |    27 |    28 ||    62
Invok: Heroism           |       |       |     1 ||     1
Evoke: Wand              |       |       |     1 ||     1
  Use: Potion            |       |     6 |       ||     6
       Scroll            |       |     5 |    11 ||    16
  Eat: Chunk             |     3 |     6 |     9 ||    18
Armor: Scale mail        |    53 |    57 |   124 ||   234
Dodge: Dodged            |    43 |    35 |    87 ||   165
Block: Kite shield       |    69 |    58 |   152 ||   279
